 Dungeon Crawl Stone Soup version 0.26-a0-611-g354ed81 (webtiles) character file.

Game seed: 14437128265355047187

176 Boetheseconed the Sneak (level 5, -1/66 HPs)
             Began as a Naga Air Elementalist on Sept 7, 2020.
             Slain by a gnoll (2 damage)
             ... on level 3 of the Dungeon.
             The game lasted 00:13:23 (3466 turns).

Boetheseconed the Sneak (Naga Air Elementalist)     Turns: 3466, Time: 00:13:25

Health: -1/66      AC: 29    Str: 10    XL:     5   Next: 56%
Magic:  8/8        EV:  1    Int: 16    God:
Gold:   204        SH:  0    Dex: 12    Spells: 7/8 levels left

rFire    . . .     SeeInvis +   n - +2 mace (protect)
rCold    . . .     Faith    .   (no shield)
rNeg     + + +     Spirit   .   (armour currently unavailable)
rPois    +         Reflect  .   (helmet currently unavailable)
rElec    .         Harm     .   (cloak currently unavailable)
rCorr    .         NoTele   +   (gloves currently unavailable)
MR       .....                  (no barding)
Stlth    ++........             (no amulet)
HPRegen  0.21/turn              o - +4 ring of evasion
MPRegen  0.11/turn              (no ring)

@: tree-form, protection aura
A: large, see invisible, spit poison 1, AC +1
a: Spit Poison


You were on level 3 of the Dungeon.
You were a tree.
You visited 1 branch of the dungeon, and saw 3 of its levels.

You collected 204 gold pieces.

Inventory:

Hand Weapons
 b - a +0 spear
 n - a +2 mace of protection (weapon)
Missiles
 q - 5 boomerangs (quivered)
Armour
 a - a +0 robe
 c - a +3 leather armour (melded)
 f - a +0 helmet (melded)
 r - a +0 pair of gloves (melded)
Jewellery
 o - a +4 ring of evasion (left branch)
Scrolls
 d - 2 scrolls of teleportation {unknown}
 e - 4 scrolls of identify {unknown}
 h - 4 scrolls of remove curse {unknown}
 i - a scroll of blinking {unknown}
 k - a scroll of enchant armour {unknown}
 p - a scroll of immolation {unknown}
 s - 2 scrolls of magic mapping {unknown}
 t - a scroll of amnesia {unknown}
 u - a scroll of fog {unknown}
Potions
 g - a potion of resistance {unknown}
 j - a potion of heal wounds {unknown}
 l - a potion of mutation {unknown}
 m - a potion of magic {unknown}


   Skills:
 + Level 1.2 Fighting
 + Level 1.3 Maces & Flails
 + Level 2.0 Polearms
 + Level 1.2 Armour
 + Level 2.7 Dodging
 + Level 3.6 Stealth
 + Level 2.1 Spellcasting
 + Level 1.0 Conjurations
 + Level 3.3 Air Magic


You had 7 spell levels left.
You knew the following spells:

 Your Spells              Type           Power        Failure   Level
a - Shock                 Conj/Air       #...         9%          1

Your spell library contained the following spells:

 Spells                   Type           Power        Failure   Level
 Swiftness                Air            ##......     8%          2
 Static Discharge         Conj/Air       #.......     26%         3
 Airstrike                Air            ##........   45%         4
 Lightning Bolt           Conj/Air       #.........   93%         5


Dungeon Overview and Level Annotations

Branches:
Dungeon (3/15)

Altars:
Dithmenos
Fedhas
Hepliaklqana


Innate Abilities, Weirdness & Mutations

You cannot wear boots.
((Your serpentine skin is tough. (AC +1)))
You have supernaturally acute eyesight. (SInv)
((Armour fits poorly on your strangely shaped body.))
((Your system is resistant to poisons. (rPois)))
((You cover ground very slowly.))
You can spit poison.


Message History

* * * LOW HITPOINT WARNING * * *
The gnoll barely misses you. The gnoll misses you.
You turn into a tree.
Your +0 helmet melds into your body.
Your +0 pair of gloves melds into your body.
Your +3 leather armour melds into your body.
Your roots penetrate the ground.
The gnoll hits you but does no damage. The gnoll hits you.
* * * LOW HITPOINT WARNING * * *
The gnoll hits you but does no damage.
You hit the gnoll.
The gnoll is heavily wounded.
The gnoll hits you but does no damage. x4; The gnoll hits you.
* * * LOW HITPOINT WARNING * * *
You hit the gnoll.
The gnoll is heavily wounded.
You have got your breath back.
The gnoll hits you but does no damage. The gnoll hits you with a +0 whip.
* * * LOW HITPOINT WARNING * * *
The gnoll hits you.
You die...

#†# ######.#### ######
#.........# #.....
#.####)##.###.#
###########.##........#.#
#.........#.##......#.#.####
#.###............g..<.......
#.###.###.#g##......#.#.###.
#.........#♣##.#.##.#.#.# #.
##########.#####g##.#.#..#.#.###.
.................g...............
...≈≈≈≈≈≈≈≈≈≈≈≈≈≈≈≈≈≈≈....≈≈≈≈≈≈≈
...≈≈≈≈≈≈≈≈≈≈≈≈≈≈≈≈≈≈≈....≈≈≈≈≈≈≈
...≈≈#####≈≈≈≈≈≈≈g≈≈≈≈....≈≈≈≈≈≈≈
...≈≈#ggg#.......................
..P≈≈#g..#############''''#######
...≈≈###'# ....#


You could see 4 gnolls.

Vanquished Creatures
  Robin (D:2)
  6 gnolls (D:3)
  An adder (D:2)
  2 worms (D:2)
  3 dart slugs
  A leopard gecko (D:1)
  5 ball pythons
  9 bats
  A giant cockroach (D:1)
  18 goblins
  2 hobgoblins
  16 jackals (D:3)
  5 frilled lizards
  8 kobolds
  7 rats
85 creatures vanquished.

Vanquished Creatures (others)
  2 plants (D:3)
2 creatures vanquished.

Grand Total: 87 creatures vanquished

Notes
Turn   | Place    | Note
-------+----------+-------------------------------------------
     0 | D:1      | Boetheseconed the Naga Air Elementalist began the quest for
                  | the Orb.
     0 | D:1      | Reached XP level 1. HP: 15/15 MP: 3/3
   445 | D:1      | Reached XP level 2. HP: 18/22 MP: 5/5
   952 | D:1      | Reached XP level 3. HP: 30/30 MP: 6/6
  1705 | D:2      | Reached skill level 1 in Fighting
  1705 | D:2      | Reached skill level 1 in Polearms
  1834 | D:2      | Noticed Robin
  1851 | D:2      | Reached XP level 4. HP: 38/38 MP: 7/7
  1898 | D:2      | Killed Robin
  2285 | D:2      | Found a shadowy altar of Dithmenos.
  2290 | D:2      | Found a blossoming altar of Fedhas.
  2731 | D:3      | Reached XP level 5. HP: 33/44 MP: 8/8
  2935 | D:3      | Found a hazy altar of Hepliaklqana.
  3278 | D:3      | Reached skill level 1 in Armour
  3439 | D:3      | Reached skill level 1 in Maces & Flails
  3466 | D:3      | HP: 1/66 [gnoll/+0 whip (4)]
  3466 | D:3      | Slain by a gnoll

Illustrated notes

Levels and vault maps discovered:
D:1:      dpeg_arrival_rhombus, layout_loops_corners,
          chequers_serial_rivers_small_b, minmay_misc_feat_diagonals
D:2:      layout_loops_corners, grunt_temple_overflow_open, uniq_robin
D:3:      lemuel_castle_with_subvaults [lemuel_castle_interior_carwin_1],
          layout_loops_corners, lemuel_doored_altar

Skill      XL: |  1  2  3  4  5 |
---------------+----------------+-----
Dodging        | 2 |  2.7
Fighting       | 1 |  1.2
Polearms       | 1 2 |  2.0
Armour         | 1 |  1.2
Maces & Flails | 1 |  1.3
Stealth        | |  3.6
Spellcasting   | |  2.1
Conjurations   | |  1.0
Air Magic      | |  3.3

Action                   |  1- 3 |  4- 6 || total
-------------------------+-------+-------++-------
Melee: Spear             |   103 |    71 ||   174
       Unarmed           |     5 |       ||     5
       Mace              |       |    98 ||    98
Throw: Boomerang         |       |     3 ||     3
 Abil: Spit Poison       |    28 |    18 ||    46
  Use: Potion            |     2 |     2 ||     4
 Stab: Sleeping          |     1 |     2 ||     3
Armor: Robe              |    19 |       ||    19
       Leather armour    |    42 |   102 ||   144
       Skin              |    13 |    53 ||    66
Dodge: Dodged            |    78 |   161 ||   239

Table legend: (Time is in decaauts)
 A = Elapsed time spent in this place.
 B = Non-inter-level travel time spent in this place.
 C = Inter-level travel time spent in this place.
 D = Time resting spent in this place.
 E = Time spent auto-exploring this place.
 F = Levels seen in this place.
 G = Mean time per level.
                   A        B        C        D        E       F      G
               +--------+--------+--------+--------+--------+-----+--------+
         Total |   4411 |   4321 |     90 |    358 |   2880 |   3 | 1470.3 |
       Dungeon |   4411 |   4321 |     90 |    358 |   2880 |   3 | 1470.3 |
               +--------+--------+--------+--------+--------+-----+--------+

Top non-repeatable levels by time:
     D:1: 1643 daAuts
     D:2: 1484 daAuts
     D:3: 1284 daAuts
